 Dungeon Crawl Stone Soup version 0.29.1-15-g9cfb28693d (webtiles) character file.

Game seed: 6933190072801598758

148 hawla the Chiller (level 5, -7/40 HPs)
             Began as a Meteoran Ice Elementalist on Apr 5, 2023.
             Mangled by an ice beast (9 damage)
             ... on level 4 of the Dungeon.
             The game lasted 00:05:29 (906 turns).

hawla the Chiller (Meteoran Ice Elementalist)        Turns: 906, Time: 00:05:30

Health: -7/40      AC:  3    Str:  9    XL:     5   Next: 87%
Magic:  12/12      EV: 12    Int: 18    God:
Gold:   90         SH:  0    Dex: 15    Spells: 8/12 levels left

rFire   . . .      SeeInvis .   i - +0 great mace
rCold   . . .      Faith    .   (shield currently unavailable)
rNeg    . . .      Spirit   .   a - +0 robe
rPois   .          Reflect  .   (no helmet)
rElec   .          Harm     .   (no cloak)
rCorr   +          Rampage  .   (no gloves)
Will    .....                   l - +0 pair of boots
Stlth   +.........              (no amulet)
HPRegen 0.13/turn               h - ring of resist corrosion
MPRegen 0.13/turn               (no ring)

@: silenced, glowing
A: sense surroundings 1, otherworldly, glowing, explore regen
a: no special abilities


You were on level 4 of the Dungeon.
You visited 1 branch of the dungeon, and saw 4 of its levels.

You collected 90 gold pieces.

Inventory:

Hand Weapons
 i - a +0 great mace (weapon)
Armour
 a - a +0 robe (worn)
 l - a +0 pair of boots (worn)
Jewellery
 h - a ring of resist corrosion (left hand)
Scrolls
 k - a scroll of torment {unknown}
Potions
 b - a potion of magic
 d - a potion of might {unknown}
 f - a potion of brilliance {unknown}
 g - a potion of berserk rage {unknown}


   Skills:
 + Level 1.2 Fighting
 + Level 1.7 Maces & Flails
 + Level 2.6 Dodging
 - Level 1.4 Stealth
 + Level 4.1 Spellcasting
 + Level 5.8 Ice Magic


You had 8 spell levels left.
You knew the following spells:

 Your Spells              Type           Power      Damage    Failure   Level
a - Freeze                Ice            96%        1d11      1%          1
b - Frozen Ramparts       Ice            48%        1d8       4%          3

Your spell library contained the following spells:

 Spells                   Type           Power      Damage    Failure   Level
 Ozocubu's Armour         Ice            24%        N/A       4%          3
 Gell's Gravitas          Tloc           3%         N/A       41%         3
 Lesser Beckoning         Tloc           3%         N/A       41%         3
 Teleport Other           Tloc           3%         N/A       41%         3
 Hailstorm                Conj/Ice       14%        3d5       41%         4
 Metabolic Englaciation   Hex/Ice        7%         N/A       77%         5
 Simulacrum               Ice/Necr       7%         N/A       100%        6


Dungeon Overview and Level Annotations

Branches:
Dungeon (4/15) Zot: 1481
 Temple: D:4-7

Altars:
Fedhas
Hepliaklqana
Sif Muna
Xom

Shops:
D:4 (


Innate Abilities, Weirdness & Mutations

You passively map a small area around you.
You are easily found by Zot.
You glow in the dark.
You regain HP and MP as you explore.


Message History

The ball python hisses angrily.
You barely miss the ball python. The ball python closely misses you.
The ball python grabs you. The ball python constricts you.
The ball python closely misses you. The ball python constricts you.
You closely miss the ball python. The ball python closely misses you.
The ball python constricts you. The ball python closely misses you.
The ball python constricts you.
You sock the ball python!
You kill the ball python!
No target in view!
You now have 90 gold pieces (gained 15).
Found a stone staircase leading up.
You open the door.
An ice beast comes into view.
The ice beast moves out of view.
Found a shimmering altar of Xom.
There is an open door here.
Found a hazy altar of Hepliaklqana.
The jackal barks!
The ice beast hits you. The ice beast freezes you!
You closely miss the ice beast. The ice beast hits you.
The ice beast freezes you!
The ice beast hits you but does no damage.
As you read the scroll labelled NUONAT GIADUZI, it crumbles to dust.
The scroll dissolves into smoke.
It was a scroll of fog.
The ice beast hits you. The ice beast freezes you.
As you read the scroll labelled ISHOIZOUMO, it crumbles to dust.
It is a scroll of amnesia.
Really abort (and waste the scroll)?
Okay, then.
The ice beast hits you.
* * * LOW HITPOINT WARNING * * *
The ice beast freezes you!
* * * LOW HITPOINT WARNING * * *
As you read the scroll labelled KIDWIE BABB, it crumbles to dust.
A profound silence engulfs you.
It was a scroll of silence.
The ice beast hits you.
* * * LOW HITPOINT WARNING * * *
The ice beast freezes you!
You die...

## # ##.## +.##g#§## .
#.#####Z *.##..._#h ..##§§§#
#.##§Y§### #.# #@§§#
#.######§##############
###.....#..#(............
#####...#####..##############
#....∩###......#.............
#.....###....)##.###########.
#.>...........##.# #.
#.....###.....##.# #. #.....#
#.######.# ####.


You could see a spectral ugly thing, an ice beast and a jackal.

Vanquished Creatures
  A scorpion (D:4)
  A hound (D:4)
  2 adders (D:4)
  2 dart slugs
  8 orcs
  A bat (D:3)
  3 endoplasms
  A giant cockroach (D:3)
  2 goblins
  3 hobgoblins
  5 kobolds
  3 ball pythons
  2 rats (D:1)
34 creatures vanquished.

Notes
Turn   | Place    | Note
-------+----------+-------------------------------------------
     0 | D:1      | hawla the Meteoran Ice Elementalist began the quest for the
                  | Orb.
     0 | D:1      | Reached XP level 1. HP: 14/14 MP: 5/5
    57 | D:1      | Reached XP level 2. HP: 17/20 MP: 4/6
    98 | D:2      | Found a faded altar of an unknown god.
   133 | D:2      | Reached skill level 5 in Ice Magic
   178 | D:3      | Reached XP level 3. HP: 19/26 MP: 8/8
   205 | D:3      | Learned a level 3 spell: Frozen Ramparts
   268 | D:4      | Reached XP level 4. HP: 27/34 MP: 0/9
   342 | D:4      | Found a blossoming altar of Fedhas.
   394 | D:4      | Found Muongic's Antique Weapon Boutique.
   469 | D:4      | Reached skill level 1 in Fighting
   469 | D:4      | Reached skill level 1 in Maces & Flails
   469 | D:4      | Reached XP level 5. HP: 40/40 MP: 7/11
   610 | D:4      | Found a shimmering blue altar of Sif Muna.
   899 | D:4      | Noticed an ice beast
   900 | D:4      | Found a shimmering altar of Xom.
   901 | D:4      | Found a hazy altar of Hepliaklqana.
   902 | D:4      | Noticed a spectral ugly thing
   906 | D:4      | HP: 2/40 [ice beast (2)]
   906 | D:4      | Mangled by an ice beast

Illustrated notes

Levels and vault maps discovered:
D:1:      erik_arrival_cave_to_civilisation [erik_arrival_cave_to_hall],
          layout_basic
D:2:      layout_basic, hellmonk_ecumenical_altar_defaced_shrine, uniq_natasha
D:3:      layout_rooms, minmay_misc_feat_hallway
D:4:      layout_basic, regret_index_temple_of_mockery, fedhas_ov_isle_minmay,
          mainiacjoe_overflow_alcove_2, serial_shops, shop

Skill      XL: |  1  2  3  4  5 |
---------------+----------------+-----
Ice Magic      | 5 |  5.8
Spellcasting   | 3 4 |  4.1
Fighting       | 1 |  1.2
Maces & Flails | 1 |  1.7
Dodging        | |  2.6
Stealth        | |  1.4

Action                   |  1- 3 |  4- 6 || total
-------------------------+-------+-------++-------
Melee: Unarmed           |     1 |       ||     1
       Short sword       |     5 |       ||     5
       Great mace        |     8 |    14 ||    22
 Cast: Freeze            |    22 |     3 ||    25
       Frozen Ramparts   |     2 |     4 ||     6
  Use: Scroll            |       |     3 ||     3
Armor: Robe              |     6 |     5 ||    11
Dodge: Dodged            |    16 |     8 ||    24
